 Dungeon Crawl Stone Soup version 0.31-a0-233-g139696dc86 (webtiles) character file.

Game seed: 7882825753828157514

9123 Morbidden the Protected (level 11, -2/94 HPs)
             Began as an Armataur Fighter on July 9, 2023.
             Was a High Priest of Cheibriados.
             Killed from afar by Fannar (36 damage)
             ... with a bolt of cold
             ... on level 10 of the Dungeon.
             The game lasted 00:15:04 (11892 turns).

Morbidden the Protected (Armataur Fighter)         Turns: 11892, Time: 00:15:04

Health: -2/94      AC: 10    Str: 30    XL:     11   Next: 18%
Magic:  17/17      EV: 10    Int: 28    God:    Cheibriados [*****.]
Gold:   406        SH: 11    Dex: 19    Spells: 18/18 levels left

rFire   + . .        a - +4 mace
rCold   . . .        c - +0 kite shield
rNeg    . . .        D - +2 troll leather armour {Snorg}
rPois   +            (helmet restricted)
rElec   .            (no cloak)
rCorr   .            k - +0 pair of gloves
SInv    .            (no barding)
Will    +....        u - amulet of the acrobat
Stlth   ++           l - ring of poison resistance
HPRegen 1.15/turn    r - ring of willpower
MPRegen 0.15/turn

%: acrobat, roll
@: unable to read, very slow
A: large, rugged brown scales 3, deformed body, armoured tail, roll, long
tongue, awkward tongue, horns 1, stinger 1, clever 1, fire resistance 1, weak 1,
inability to read after injury 1, MP-powered wands
a: Renounce Religion, Bend Time, Temporal Distortion, Slouch, Step From Time


You were on level 10 of the Dungeon.
You worshipped Cheibriados.
Cheibriados was extremely pleased with you.
You visited 2 branches of the dungeon, and saw 11 of its levels.
You also visited: Sewer.

You collected 406 gold pieces.

Inventory:

Hand Weapons
 a - a +4 mace (weapon)
 x - a +0 war axe
 E - a +0 flail
Missiles
 t - 32 poisoned darts
 B - 6 javelins
 I - 3 boomerangs (quivered)
Armour
 c - a +0 kite shield (worn)
 j - +0 acid dragon scales
 k - a +0 pair of gloves (worn)
 q - a +0 helmet
 y - a +0 ring mail of cold resistance
 D - a +2 troll leather armour (worn) {Snorg}
Jewellery
 l - a ring of poison resistance (left hand)
 r - a ring of willpower (right hand)
 u - an amulet of the acrobat (around neck)
Wands
 m - a wand of paralysis (24)
 o - a wand of flame (31)
 p - a wand of polymorph (9)
 H - a wand of iceblast (3)
Scrolls
 b - a scroll of immolation
 e - 3 scrolls of identify
 f - a scroll of revelation {unknown}
 n - 6 scrolls of teleportation
 s - 3 scrolls of blinking
 A - 2 scrolls of fear
 C - 2 scrolls of enchant armour
 G - a scroll of noise
Potions
 d - a potion of might
 g - 3 potions of mutation
 h - a potion of enlightenment
 i - a potion of haste {unknown}
 v - 2 potions of curing
 w - a potion of brilliance {unknown}
 z - 5 potions of attraction {unknown}
 F - a potion of ambrosia {unknown}


   Skills:
 * Level 5.4 Fighting
 * Level 4.0(6.5) Axes
 * Level 8.8(9.2) Maces & Flails
 + Level 0.5 Throwing
 * Level 9.3 Armour
 * Level 3.3 Dodging
 + Level 1.3 Stealth
 * Level 7.1 Shields
 + Level 0.1 Unarmed Combat
 * Level 4.1 Spellcasting
 * Level 3.9 Invocations
 * Level 3.6 Evocations


You had 18 spell levels left.
You didn't know any spells.
Your spell library contained the following spells:

 Spells                   Type           Power      Damage    Failure   Level
 Lesser Beckoning         Tloc           10%        N/A       21%         2
 Call Canine Familiar     Summ           5%         N/A       38%         3
 Gell's Gravitas          Tloc           5%         N/A       38%         3
 Portal Projectile        Hex/Tloc       10%        N/A       38%         3
 Teleport Other           Tloc           5%         N/A       38%         3
 Leda's Liquefaction      Hex/Erth       2%         N/A       80%         4


Dungeon Overview and Level Annotations

Branches:
Dungeon (10/15)            Temple (1/1) D:5            Lair (0/5) D:9
    Orc (0/2) D:10          Sewer (visited)

Altars:
Ashenzari
Cheibriados
Dithmenos
Elyvilon
Fedhas
Gozag
Hepliaklqana
Makhleb
Nemelex Xobeh
Okawaru
Qazlal
Ru
Sif Muna
Trog
Uskayaw
Vehumet
Wu Jian
Xom
Yredelemnul
Zin

Shops:
D:4 (   D:9 (

Annotations:
D:5 1 runed translucent door, hackon's ghost, novice OgFE
D:10 Fannar
Temple 2 transporters


Innate Abilities, Weirdness & Mutations

You are completely covered in rugged brown scales. (AC +3, +7% HP)
Armour fits poorly on your strangely shaped body.
You have a long armoured tail.
You roll when moving toward enemies. (Rampage)
Your long tongue fully drains potion bottles. (2x potion effects)
Your tongue gives you trouble enunciating. (1.5x scroll delay)
You have a pair of small horns on your head.
Your tail ends in a venomous barb.
Your mind is acute. (Int +4, Str/Dex -1)
Your flesh is heat resistant. (rF+)
You are weak. (Str -2)
You occasionally lose the ability to read scrolls when taking damage.
You expend magic power (3 MP) to strengthen your wands.


Message History

Unknown command.
You closely miss the ice beast.
The ice beast is heavily wounded.
The ice beast hits you but does no damage.
The ice beast misses you. The ice beast closely misses you.
You block the ice beast's attack.
You thump the ice beast! You tail-slap the ice beast.
You kill the ice beast!
The ice beast disappears in a puff of smoke!
The ice beast hits you but does no damage. x2
Unknown command.
Activating: Slouch (30% risk of failure)
Press: ? - help, Dir - look around, f - activate You fail to use your ability.
Fannar casts a spell.
Fannar drains the heat from the surrounding environment!
You block the ice beast's attack.
The ice beast hits you but does no damage.
Unknown command.
Unknown command.
Unknown command.
Unknown command.
Activating: Slouch (30% risk of failure)
Press: ? - help, Dir - look around, f - activate You fail to use your ability.
You can read scrolls again.
Some snowflakes condense on Fannar.
Fannar mumbles some strange words.
The ice beast hits you but does no damage.
You block the ice beast's attack.
Unknown command.
Unknown command.
Unknown command.
Activating: Slouch (30% risk of failure)
Press: ? - help, Dir - look around, f - activate You fail to use your ability.
Fannar points at you and mumbles some strange words.
The bolt of cold hits you!!!
You feel threatened and lose the ability to read scrolls!
You die...

#.#######..# #...# #
#..........######...######
#[........................
#.................<.......
##############.#########..
###########............
.......................
####.Y................
#.@#########.......
......Y.# #######.......
......... ..............
#######..e..............
#.#######...###### #.#
#####...###### ...
.............. ###
##############


You could see Fannar and 2 ice beasts.

Vanquished Creatures
  Snorg (D:10)
  A two-headed ogre (D:9)
  Urug (D:10)
  Joseph (D:10)
  Maggie (D:8)
  2 trolls
  Grinder (D:4)
  Sigmund (D:3)
  2 wraiths
  A wyvern (D:9)
  2 steam dragons
  Eustachio (D:5)
  3 water moccasins
  2 ice beasts
  5 orc warriors
  3 black bears
  4 centaurs
  An ogre (D:6)
  2 wolves (D:9)
  2 kobold brigands
  2 phantoms (D:6)
  Blork the orc (D:4)
  2 bullfrogs (D:6)
  A gnoll sergeant (D:8)
  3 scorpions
  7 wights
  13 killer bees
  An electric eel (D:9)
  5 howler monkeys
  4 jellies
  A gnoll bouda (D:6)
  7 orc priests
  8 hounds
  3 iguanas
  3 sleepcaps
  Ijyb (D:5)
  11 orc wizards
  Robin (D:3)
  9 gnolls
  11 adders
  A shadow imp (D:6)
  2 white imps
  4 worms
  20 orcs
  10 ball pythons
  6 bats
  11 endoplasms
  9 giant cockroaches
  15 goblins
  13 hobgoblins
  10 jackals
  4 quokkas
  7 frilled lizards
  29 kobolds
  6 rats
  A spectral kobold (D:10)
279 creatures vanquished.

Vanquished Creatures (others)
  An orc (D:6)
1 creature vanquished.

Grand Total: 280 creatures vanquished

Notes
Turn   | Place    | Note
-------+----------+-------------------------------------------
     0 | D:1      | Morbidden the Armataur Fighter began the quest for the Orb.
     0 | D:1      | Reached XP level 1. HP: 19/19 MP: 1/1
   123 | D:1      | Reached XP level 2. HP: 26/26 MP: 2/2
   498 | D:1      | Reached skill level 1 in Spellcasting
   499 | D:1      | Reached XP level 3. HP: 29/32 MP: 4/4
  1229 | D:2      | Reached XP level 4. HP: 28/40 MP: 5/5
  1601 | D:3      | Noticed Sigmund
  1605 | D:3      | Killed Sigmund
  1606 | D:3      | Reached skill level 1 in Axes
  1606 | D:3      | Reached skill level 4 in Armour
  1606 | D:3      | Reached XP level 5. HP: 48/48 MP: 5/7
  1732 | D:3      | Noticed Robin
  1759 | D:3      | Killed Robin
  1871 | D:3      | Reached XP level 6. HP: 53/54 MP: 8/8
  2029 | D:3      | Reached skill level 1 in Dodging
  2127 | D:3      | Noticed an ice beast
  2229 | D:3      | Found a burning altar of Makhleb.
  2229 | D:3      | Found a broken altar of Ashenzari.
  2229 | D:3      | Found a basalt altar of Yredelemnul.
  2229 | D:3      | Found a shimmering altar of Xom.
  2240 | D:3      | Found a shadowy altar of Dithmenos.
  2245 | D:3      | Found a white marble altar of Elyvilon.
  2868 | D:4      | Found Baalev's Antique Weapon Shop.
  2872 | D:4      | Noticed Grinder
  2892 | D:4      | Paralysed by Grinder for 5 turns
  2898 | D:4      | Killed Grinder
  2899 | D:4      | Reached skill level 5 in Armour
  2899 | D:4      | Reached XP level 7. HP: 24/60 MP: 9/9
  3062 | D:4      | Noticed Blork the orc
  3066 | D:4      | Killed Blork the orc
  3320 | D:4      | Reached skill level 5 in Maces & Flails
  3879 | D:5      | Entered Level 5 of the Dungeon
  3955 | D:5      | Noticed Ijyb
  3968 | D:5      | Killed Ijyb
  3969 | D:5      | Reached XP level 8. HP: 51/70 MP: 11/11
  4137 | D:5      | Noticed Eustachio
  4200 | D:5      | Killed Eustachio
  4356 | D:5      | Found a runed translucent door.
  4359 | D:5      | Noticed hackon's ghost (novice OgFE)
  4375 | D:5      | Found a staircase to the Ecumenical Temple.
  4586 | Temple   | Entered the Ecumenical Temple
  4586 | Temple   | Found a transporter.
  4586 | Temple   | Found a transporter.
  4588 | Temple   | Found a transporter.
  4588 | Temple   | Found a transporter.
  4603 | Temple   | Became a worshipper of Cheibriados the Contemplative
  4843 | D:5      | Reached skill level 6 in Armour
  4987 | D:6      | Reached * piety under Cheibriados
  5023 | D:6      | Found a glowing drain.
  5055 | Sewer    | Entered a sewer
  5286 | Sewer    | Reached skill level 1 in Evocations
  5538 | D:6      | Reached skill level 1 in Invocations
  5577 | D:6      | Reached ** piety under Cheibriados
  5596 | D:6      | Reached skill level 5 in Shields
  5596 | D:6      | Reached XP level 9. HP: 46/75 MP: 13/13
  5773 | D:6      | Found a sparkling altar of Nemelex Xobeh.
  7224 | D:8      | Reached skill level 7 in Armour
  7432 | D:8      | Reached *** piety under Cheibriados
  8517 | D:8      | Reached XP level 10. HP: 54/85 MP: 14/14
  8840 | D:8      | Noticed Maggie
  8863 | D:8      | Killed Maggie
  8864 | D:8      | Reached skill level 5 in Fighting
  8864 | D:8      | Reached skill level 8 in Armour
  9107 | D:8      | Reached **** piety under Cheibriados
  9996 | D:9      | Noticed a two-headed ogre
 10009 | D:9      | Killed a two-headed ogre
 10306 | D:9      | Found a staircase to the Lair.
 10393 | D:9      | Found Heoqum's Antique Weapon Shoppe.
 10594 | D:10     | Entered Level 10 of the Dungeon
 10618 | D:10     | Reached ***** piety under Cheibriados
 10715 | D:10     | Noticed Joseph
 10720 | D:10     | Gained mutation: Your movements are slightly less
                  | encumbered by armour. (ER -2) [potion of mutation]
 10720 | D:10     | Gained mutation: You are strong-willed. (Will+) [potion of
                  | mutation]
 10720 | D:10     | Gained mutation: You do not regenerate when monsters are
                  | visible. [potion of mutation]
 10720 | D:10     | Gained mutation: Your flesh is heat resistant. (rF+)
                  | [potion of mutation]
 10720 | D:10     | Gained mutation: You have a pair of small horns on your
                  | head. [potion of mutation]
 10721 | D:10     | Lost mutation: You are strong-willed. (Will+) [potion of
                  | mutation]
 10721 | D:10     | Lost mutation: Your flesh is heat resistant. (rF+) [potion
                  | of mutation]
 10721 | D:10     | Lost mutation: You do not regenerate when monsters are
                  | visible. [potion of mutation]
 10721 | D:10     | Lost mutation: Your movements are slightly less encumbered
                  | by armour. (ER -2) [potion of mutation]
 10721 | D:10     | Gained mutation: You are weak. (Str -2) [potion of
                  | mutation]
 10721 | D:10     | Gained mutation: You occasionally lose the ability to read
                  | scrolls when taking damage. [potion of mutation]
 10721 | D:10     | Gained mutation: You expend magic power (3 MP) to
                  | strengthen your wands. [potion of mutation]
 10721 | D:10     | Gained mutation: Your tail ends in a venomous barb. [potion
                  | of mutation]
 10721 | D:10     | Gained mutation: Your mind is acute. (Int +4, Str/Dex -1)
                  | [potion of mutation]
 10721 | D:10     | Gained mutation: Your flesh is heat resistant. (rF+)
                  | [potion of mutation]
 10740 | D:10     | Killed Joseph
 10741 | D:10     | Reached skill level 9 in Armour
 11363 | D:10     | Noticed Snorg
 11369 | D:10     | Killed Snorg
 11370 | D:10     | Reached skill level 1 in Stealth
 11370 | D:10     | Reached XP level 11. HP: 94/94 MP: 12/17
 11502 | D:10     | Found a staircase to the Orcish Mines.
 11502 | D:10     | Noticed Urug
 11519 | D:10     | Killed Urug
 11707 | D:10     | Found a hazy altar of Hepliaklqana.
 11864 | D:10     | Noticed Fannar
 11892 | D:10     | Killed from afar by Fannar

Illustrated notes

Levels and vault maps discovered:
D:1:      reono_arrival_mine, layout_basic
D:2:      layout_basic, minmay_indecisive_spiral
D:3:      layout_basic, minmay_overflow_temple_hex, lightli_corner_chamber,
          uniq_robin, uniq_sigmund
D:4:      layout_basic, serial_shops, shop, uniq_blork_the_orc, uniq_grinder
D:5:      kennysheep_kobold_camp, layout_rooms, minmay_temple_entry_grid,
          ebering_ghost_reflecting_pool, uniq_eustachio, uniq_ijyb
D:6:      layout_basic, portal_sewer_entry_f, minmay_ruined_shrine
D:7:      layout_basic, minivault_27, grunt_decor_arrowhead
D:8:      layout_basic, uniq_maggie
D:9:      layout_rooms, erik_lair_island, serial_shops, shop
D:10:     layout_long_grid, nicolae_hepliaklqana_monster_ancestors, david_orc_3,
          uniq_fannar, uniq_snorg, uniq_urug, uniq_joseph
Temple:   hellmonk_temple_divided_pantheon

Skill      XL: |  1  2  3  4  5  6  7  8  9 10 11 |
---------------+----------------------------------+-----
Maces & Flails | 2 3 4 5 6 7 8 |  8.8
Spellcasting   | 1 2 3 4 |  4.1
Fighting       | 3 4 5 |  5.4
Axes           | 1 2 3 4 |  4.0
Armour         | 4 5 6 7 9 |  9.3
Shields        | 4 5 7 |  7.1
Dodging        | 1 2 3 |  3.3
Evocations     | 1 2 3 |  3.6
Invocations    | 1 2 3 |  3.9
Stealth        | 1 |  1.3
Throwing       | |  0.5
Unarmed Combat | |  0.1

Action                     |  1- 3 |  4- 6 |  7- 9 | 10-12 || total
---------------------------+-------+-------+-------+-------++-------
  Melee: Flail             |   130 |   146 |   535 |    70 ||   881
         Tailslap          |     7 |    12 |    68 |    43 ||   130
         Unarmed           |       |    14 |       |       ||    14
         Mace              |       |       |       |   211 ||   211
         Headbutt          |       |       |       |    19 ||    19
  Throw: Dart              |       |       |       |    20 ||    20
  Evoke: Wand              |       |     2 |     3 |     5 ||    10
    Use: Scroll            |       |     3 |     9 |     3 ||    15
         Potion            |       |     1 |     2 |     8 ||    11
   Stab: Paralysed         |       |       |       |     8 ||     8
 Armour: Scale mail        |    59 |       |       |       ||    59
         Chain mail        |     7 |   108 |   285 |       ||   400
         Skin              |       |     4 |       |       ||     4
         Plate armour      |       |       |    57 |   119 ||   176
         Troll leather arm |       |       |       |    21 ||    21
  Dodge: Dodged            |    38 |    44 |   273 |   111 ||   466
  Block: Buckler           |    29 |    15 |   143 |    21 ||   208
         Kite shield       |       |       |       |   123 ||   123

Table legend: (Time is in decaauts)
 A = Elapsed time spent in this place.
 B = Non-inter-level travel time spent in this place.
 C = Inter-level travel time spent in this place.
 D = Time resting spent in this place.
 E = Time spent auto-exploring this place.
 F = Levels seen in this place.
 G = Mean time per level.
                   A        B        C        D        E       F      G
               +--------+--------+--------+--------+--------+-----+--------+
         Total |  14284 |  13974 |    310 |   1060 |  10308 |  12 | 1190.3 |
       Dungeon |  13776 |  13475 |    301 |   1060 |   9944 |  10 | 1377.6 |
        Temple |     34 |     25 |      9 |      0 |      3 |   1 |   34.0 |
         Sewer |    473 |    473 |      0 |      0 |    361 |   1 |  473.0 |
               +--------+--------+--------+--------+--------+-----+--------+

Top non-repeatable levels by time:
     D:7: 2026 daAuts
     D:8: 1970 daAuts
    D:10: 1741 daAuts
     D:6: 1662 daAuts
     D:4: 1362 daAuts
     D:9: 1356 daAuts
     D:5: 1052 daAuts
     D:3: 989 daAuts
     D:1: 858 daAuts
     D:2: 756 daAuts
   Sewer: 473 daAuts
  Temple: 34 daAuts
